 Dungeon Crawl Stone Soup version 0.31-a0-819-gf6de2f5ab6 (webtiles) character file.

Game seed: 6178167171726129645

144 porpoise the Chopper (level 5, -2/41 HPs)
             Began as a Demonspawn Gladiator on Sept 25, 2023.
             Asphyxiated
             ... in a sewer.
             The game lasted 00:06:09 (1793 turns).

porpoise the Chopper (Demonspawn Gladiator)         Turns: 1793, Time: 00:06:10

Health: -2/41      AC:  6    Str: 16    XL:     5   Next: 5%
Magic:  5/5        EV: 12    Int: 10    God:
Gold:   163        SH:  0    Dex: 14    Spells: 4/4 levels left

rFire   . . .        a - +0 war axe
rCold   . . .        (no shield)
rNeg    . . .        b - +0 leather armour
rPois   .            c - +0 helmet
rElec   .            (no cloak)
rCorr   .            (no gloves)
SInv    .            (no boots)
Will    +....        (no amulet)
Stlth   +            (no ring)
HPRegen 0.26/turn    (no ring)
MPRegen 0.09/turn

%: no passive effects
@: lethally poisoned (-2 -> -19), enlightened, flying, slowed, very slow
A: thin metallic scales 1, demonic guardian 1
a: no special abilities


You were in a sewer.
You visited 1 branch of the dungeon, and saw 3 of its levels.
You also visited: Sewer.

You collected 163 gold pieces.

Inventory:

Hand Weapons
 a - a +0 war axe (weapon)
 l - a +1 whip of electrocution
 q - a +0 short sword of draining
Missiles
 d - 3 throwing nets (quivered)
 e - a javelin
Armour
 b - a +0 leather armour (worn)
 c - a +0 helmet (worn)
 k - an orb of wrath
Scrolls
 f - a scroll of noise {unknown}
 g - a scroll of identify
 h - a scroll of enchant weapon {unknown}
 n - a scroll of fog {unknown}
Potions
 i - a potion of haste
 m - a potion of mutation {unknown}
 o - a potion of resistance {unknown}
 p - a potion of lignification {unknown}


   Skills:
 + Level 3.4 Fighting
 * Level 4.5 Axes
 - Level 1.7 Throwing
 - Level 2.6 Dodging


You had 4 spell levels left.
You didn't know any spells.
Your spell library contained the following spells:

 Spells                   Type           Power      Damage    Failure   Level
 Apportation              Tloc           0%         N/A       43%         1
 Necrotise                Necr           0%         1d4       43%         1
 Summon Small Mammal      Summ           0%         N/A       43%         1


Dungeon Overview and Level Annotations

Branches:
Dungeon (3/15)              Sewer (1/1)

Altars:


Innate Abilities, Weirdness & Mutations

You are partially covered in thin metallic scales. (AC +2)
A weak demonic guardian rushes to your aid.


Message History

You are poisoned.
You have difficulty breathing.
You feel yourself slow down.
You feel very sick.
The kobold brigand throws a curare-tipped dart.
The curare-tipped dart hits you.
You are more poisoned.
You have difficulty breathing.
A demonic guardian appears!
You feel as though you will be slow longer.
The kobold brigand hits your iron imp with a +0 short sword.
You swap places.
You feel very sick.
The kobold brigand splashes around in the water.
The kobold brigand hits you but does no damage. x2
You closely miss the kobold brigand. You barely miss the kobold brigand.
You feel very sick.
The kobold brigand hits you with a +0 short sword.
The kobold brigand hits you with a +0 dagger.
* * * LOW HITPOINT WARNING * * *
The kobold brigand hits you with a +0 short sword.
* * * LOW HITPOINT WARNING * * *
The kobold brigand splashes around in the water.
You swap places.
* * * LOW HITPOINT WARNING * * *
You feel very sick.
The kobold brigand hits your iron imp but does no damage.
Your iron imp hits the kobold brigand!
The kobold brigand hits your iron imp with a +0 dagger.
The kobold brigand hits your iron imp with a +0 short sword.
Your iron imp hits the kobold brigand.
It was a potion of enlightenment.
You feel very buoyant.
You fly up into the air.
* * * LOW HITPOINT WARNING * * *
You feel sick.
The kobold brigand throws a curare-tipped dart.
The curare-tipped dart closely misses your iron imp.
The curare-tipped dart hits you.
You are lethally poisoned!
You have difficulty breathing.
You die...

∩~.~#####.....####.~...#
..~## ##...## ##~.~##
#≈## ##~## ##### ≈# #~#
≈# #~# ≈# ##†## # ~.~
##..~## ##~##
....#####.....####K.?.#
~..~~~~~~....~..@5K?..#
..~.#####.....#####...#
~ ##~..## .## ##### #


You could see 2 kobold brigands and a friendly iron imp (summoned).

Vanquished Creatures
  Jessica (D:2)
  A gnoll (D:3)
  4 adders
  2 worms
  3 dart slugs (D:1)
  4 ball pythons
  3 endoplasms
  2 giant cockroaches
  2 goblins (D:1)
  5 hobgoblins
  8 kobolds
  2 quokkas (D:1)
  5 bats
  3 frilled lizards (D:1)
  10 rats
55 creatures vanquished.

Vanquished Creatures (collateral kills)
  A river rat (Sewer)
1 creature vanquished.

Grand Total: 56 creatures vanquished

Notes
Turn   | Place    | Note
-------+----------+-------------------------------------------
     0 | D:1      | porpoise the Demonspawn Gladiator began the quest for the
                  | Orb.
     0 | D:1      | Reached XP level 1. HP: 16/16 MP: 1/1
    51 | D:1      | Reached skill level 3 in Axes
   120 | D:1      | Gained mutation: You are partially covered in thin metallic
                  | scales. (AC +2) [demonic ancestry]
   120 | D:1      | Reached XP level 2. HP: 22/22 MP: 2/2
   527 | D:1      | Gained mutation: A weak demonic guardian rushes to your
                  | aid. [demonic ancestry]
   527 | D:1      | Reached XP level 3. HP: 28/28 MP: 3/3
  1118 | D:2      | Noticed Jessica
  1122 | D:2      | Killed Jessica
  1123 | D:2      | Reached skill level 4 in Axes
  1123 | D:2      | Reached XP level 4. HP: 26/35 MP: 4/4
  1438 | D:3      | Found a glowing drain.
  1513 | Sewer    | Entered a sewer
  1635 | Sewer    | Reached XP level 5. HP: 34/41 MP: 5/5
  1793 | Sewer    | Asphyxiated

Illustrated notes

Levels and vault maps discovered:
D:1:      lemuel_arrival_rhombus, layout_basic, minmay_liquid_box,
          minmay_split_cup_small
D:2:      layout_basic, chequers_serial_rivers_marsh, uniq_jessica
D:3:      layout_loops_corners, gammafunk_temple_overflow_pools,
          hellmonk_ecumenical_altar_run_dry, cheibrodos_sewer_entry_drain,
          uniq_ijyb
Sewer:    sewer_co_15_rooms

Skill      XL: |  1  2  3 |
---------------+----------+-----
Axes           | 3 4 |  4.5
Fighting       | 3 |  3.4
Throwing       | |  1.7
Dodging        | |  2.6

Action                     |  1- 3 |  4- 6 || total
---------------------------+-------+-------++-------
  Melee: War axe           |    83 |    68 ||   151
  Throw: Throwing net      |       |     1 ||     1
    Use: Scroll            |     1 |       ||     1
         Potion            |       |     1 ||     1
   Stab: Sleeping          |     1 |       ||     1
 Armour: Leather armour    |    44 |    47 ||    91
  Dodge: Dodged            |    40 |    58 ||    98

Table legend: (Time is in decaauts)
 A = Elapsed time spent in this place.
 B = Non-inter-level travel time spent in this place.
 C = Inter-level travel time spent in this place.
 D = Time resting spent in this place.
 E = Time spent auto-exploring this place.
 F = Levels seen in this place.
 G = Mean time per level.
                   A        B        C        D        E       F      G
               +--------+--------+--------+--------+--------+-----+--------+
         Total |   1887 |   1857 |     30 |    346 |   1013 |   4 |  471.8 |
       Dungeon |   1553 |   1523 |     30 |    262 |    923 |   3 |  517.7 |
         Sewer |    333 |    333 |      0 |     84 |     90 |   1 |  333.0 |
               +--------+--------+--------+--------+--------+-----+--------+

Top non-repeatable levels by time:
     D:1: 825 daAuts
     D:2: 646 daAuts
   Sewer: 333 daAuts
     D:3: 81 daAuts
